 Dungeon Crawl Stone Soup version 0.30-a0-1114-gd936c97349 (webtiles) character file.

Game seed: 12155790811712285991

99807 kae the Severer (level 16, -1/144 HPs)
             Began as a Hill Orc Fighter on Apr 20, 2023.
             Was the Champion of Qazlal.
             Succumbed to a merfolk's poison
             ... on level 1 of the Shoals.
             The game lasted 00:25:18 (27892 turns).

kae the Severer (Hill Orc Fighter)                 Turns: 27892, Time: 00:25:18

Health: -1/144     AC: 34    Str: 27    XL:     16   Next: 26%
Magic:  1/24       EV: 14    Int: 15    God:    Qazlal [******]
Gold:   1848       SH: 25    Dex: 10    Spells: 15/15 levels left

rFire   . . .      SeeInvis +    Y - +4 broad axe (elec)
rCold   + . .      Faith    .    f - +1 tower shield
rNeg    . . .      Spirit   +    H - +5 chain mail
rPois   .          Reflect  .    e - +3 crown of Dyrovepreva {rElec Int+2 SInv}
rElec   +          Rampage  .    k - +1 cloak
rCorr   .          Rnd*Tele +    x - +2 pair of gloves of the Slorg {rC+}
Will    +....                    (no boots) Stlth
                                 G - amulet of guardian spirit
HPRegen 0.44/turn                E - +5 ring of evasion
MPRegen 0.19/turn                a - ring "Tezxi Fuodgh" {rElec AC+4 Int+5}

@: lethally poisoned (-1 -> -24), protected from physical damage, studying
Throwing, repel missiles, very slow
A: deterioration 1, low MP 1, teleportitis 1
a: Renounce Religion, Upheaval, Elemental Force, Disaster Area


You were on level 1 of the Shoals.
You worshipped Qazlal.
Qazlal was exalted by your worship.
You visited 5 branches of the dungeon, and saw 24 of its levels.
You also visited: Ossuary, Bailey and Gauntlet.

You collected 3427 gold pieces.
You spent 1579 gold pieces at shops.


Innate Abilities, Weirdness & Mutations

Your body sometimes deteriorates upon taking damage.
Your magical capacity is low. (-10% MP)
You are occasionally teleported next to monsters.


   Skills:
 - Level 13.5 Fighting
 - Level 18.0 Axes
 - Level 15.0 Armour
 - Level 8.0 Dodging
 * Level 13.1 Shields
 - Level 15.0 Invocations


You had 15 spell levels left.
You didn't know any spells.
Your spell library contained the following spells:

 Spells                   Type           Power      Damage    Failure   Level
 Kiss of Death            Conj/Necr      0%         2d5       98%         1
 Necrotise                Necr           0%         1d4       98%         1
 Slow                     Hex            0%         N/A       98%         1
 Sting                    Tmut/Pois      0%         1d3       98%         1
 Summon Small Mammal      Summ           0%         N/A       98%         1
 Poisonous Vapours        Pois/Air       0%         N/A       99%         2
 Call Canine Familiar     Summ           0%         N/A       100%        3
 Confusing Touch          Hex            0%         N/A       100%        3
 Hailstorm                Conj/Ice       0%         3d3       100%        3
 Ignite Poison            Fire/Tmut/Pois 0%         N/A       100%        3
 Ozocubu's Armour         Ice            0%         N/A       100%        3
 Summon Guardian Golem    Hex/Summ       0%         N/A       100%        3
 Vampiric Draining        Necr           0%         2d6       100%        3
 Dispel Undead            Necr           0%         3d6       100%        4
 Ice Form                 Ice/Tmut       0%         N/A       100%        4
 Olgreb's Toxic Radiance  Pois           0%         N/A       100%        4
 Sticky Flame             Conj/Fire      0%         2d3       100%        4
 Agony                    Necr           0%         N/A       100%        5
 Simulacrum               Ice/Necr       0%         N/A       100%        6
 Ozocubu's Refrigeration  Ice            0%         4d7       100%        7
 Discord                  Hex            0%         N/A       100%        8
 Ignition                 Fire           0%         3d3       100%        8
 Polar Vortex             Ice            0%         N/A       100%        9

Inventory:

Hand Weapons
 Y - a +4 broad axe of electrocution (weapon)
   (You bought it in a shop on level 11 of the Dungeon)
Missiles
 l - a throwing net {=f!f}
Armour
 e - the +3 crown of Dyrovepreva (worn) {rElec Int+2 SInv}
   (You bought it in a shop on level 2 of the Orcish Mines)

   Int:       It affects your intelligence (+2).
   rElec:     It insulates you from electricity.
   SInv:      It lets you see invisible.
 f - a +1 tower shield (worn)
   (You found it on level 11 of the Dungeon)
 k - a +1 cloak (worn)
   (You found it on level 6 of the Dungeon)
 x - the +2 pair of gloves of the Slorg (worn) {rC+}
   (You found it in a Gauntlet)

   rC:        It protects you from cold.
 H - a +5 chain mail (worn)
   (You took it off an orc warrior on level 8 of the Dungeon)
Jewellery
 a - the ring "Tezxi Fuodgh" (right hand) {rElec AC+4 Int+5}
   (You found it in a Gauntlet)

   [ring of protection]

   AC:        It affects your AC (+4).
   Int:       It affects your intelligence (+5).
   rElec:     It insulates you from electricity.
 c - the amulet "Usaadd" {Spirit Harm Int+2}
   (You found it on level 14 of the Dungeon)

   [amulet of guardian spirit]

   It causes incoming damage to be divided between your reserves of health and
   magic.
   Int:       It affects your intelligence (+2).
   Harm:      It increases damage dealt and taken.
 r - the ring of Liutun {SInv Stlth+}
   (You found it on level 1 of the Lair of Beasts)

   [ring of see invisible]

   SInv:      It lets you see invisible.
   Stlth:     It makes you more stealthy.
 v - a ring of see invisible
   (You found it on level 1 of the Dungeon)
 C - a ring of protection from cold
   (You found it on level 4 of the Dungeon)
 E - a +5 ring of evasion (left hand)
   (You found it on level 6 of the Dungeon)
 F - a ring of protection from fire
   (You found it on level 5 of the Dungeon)
 G - an amulet of guardian spirit (around neck)
   (You found it on level 4 of the Dungeon)
 O - a +4 ring of protection
   (You found it on level 5 of the Dungeon)
 P - a ring of poison resistance
   (You found it on level 12 of the Dungeon)
 S - a +6 ring of strength
   (You found it on level 1 of the Lair of Beasts)
 W - a ring of magical power
   (You found it on level 8 of the Dungeon)
Wands
 o - a wand of roots (13)
   (You found it on level 2 of the Lair of Beasts)
 z - a wand of polymorph (16)
   (You found it on level 8 of the Dungeon)
 J - a wand of acid (25)
   (You found it in an ossuary)
 M - a wand of flame (25)
   (You found it on level 9 of the Dungeon)
 N - a wand of digging (10)
   (You found it on level 8 of the Dungeon)
Scrolls
 b - 5 scrolls of poison
 g - 2 scrolls of fear
 h - 3 scrolls of blinking {!r}
 q - 5 scrolls of fog
 u - 5 scrolls of silence {!r}
 y - 2 scrolls of vulnerability {!r!r}
 D - 2 scrolls of magic mapping {!r}
 I - 8 scrolls of teleportation {@r4}
 K - a scroll of immolation {!r!r}
 T - 10 scrolls of identify {@r1}
Potions
 d - a potion of might
 i - 6 potions of lignification {!q}
 j - 8 potions of brilliance
 m - 6 potions of flight
 n - 5 potions of mutation {!q}
 s - 5 potions of magic
 A - 3 potions of heal wounds {@q2}
 B - 4 potions of berserk rage {!q}
 L - 2 potions of ambrosia
 Q - 5 potions of haste {@q3}
 R - a potion of attraction {!q}
 U - 14 potions of curing {@q1}
 V - 3 potions of invisibility
 X - 2 potions of resistance
Miscellaneous
 p - a phial of floods
   (You found it on level 5 of the Lair of Beasts)
 t - a phantom mirror
   (You found it in a bailey)
 w - a box of beasts
   (You found it in a bailey)

Dungeon Overview and Level Annotations

Branches:
Dungeon (15/15) Zot: 26021  Temple (1/1) D:6 Zot: 5862    Lair (5/5) D:9 Zot: 23194
 Shoals (1/4) Lair:2 Zot: 5761  Spider (0/4) Lair:2        Slime (0/5) Lair:5
    Orc (2/2) D:10 Zot: 10424     Elf (0/3) Orc:2        Vaults (0/5) D:14
 Depths (0/4) D:15        Ossuary (visited)          Bailey (visited)
Gauntlet (visited)

Altars:
Ashenzari
Cheibriados
Dithmenos
Elyvilon
Fedhas
Gozag
Hepliaklqana
Kikubaaqudgha
Makhleb
Nemelex Xobeh
Okawaru
Qazlal
Ru
Sif Muna
Trog
Uskayaw
Vehumet
Wu Jian
Xom
Yredelemnul
Zin
The Shining One
Beogh
Jiyva

Shops:
D:7 :   D:11 (*(:   Orc:1 * Orc:2

[(?*
..~~~~~~~~~~~~~
~~~~~~~~~~~~~~~.#
~.~~~~~~~~~~~~~..
~~.~~~~~~~~~~~~~.
....~~~~~~~~~~~~.
#..!~○~§~~~~~~~~.
~..~~~mm☼≈≈~~~~~~
~~~~~°)@~~≈≈≈~~~~
~~~~~°)°~~~~≈≈~~~
≈~~≈≈§§~~°~~~~~~~
~~~≈≈≈~~~~~~≈~~~~
~~≈≈≈≈≈≈≈≈≈≈≈~~~~
~~≈≈≈≈≈###≈≈≈≈≈~~
≈≈≈≈≈≈≈ ≈≈≈≈≈≈≈
≈≈≈≈≈≈≈ ≈≈≈≈≈≈≈
≈≈≈≈≈≈≈ ≈≈≈≈≈≈≈


You could see 2 merfolk.


Message History

You take 17 damage, and now have 29/144 hp.
You lost 4 mp, and now have 11/24 mp.
Unknown command.
Your unstable footing causes you to fumble your attack.
You feel very sick. You block the merfolk's attack.
You block the merfolk impaler's attack.
The merfolk hits you from afar with a +0 trident of venom!
* * * LOW HITPOINT WARNING * * *
You are lethally poisoned! 😱 HP[-11] MP[-3]
You take 11 damage, and now have 18/144 hp.
You lost 3 mp, and now have 8/24 mp.
Your unstable footing causes you to fumble your attack.
* * * LOW HITPOINT WARNING * * *
You feel extremely sick.
The merfolk throws a throwing net.
The throwing net closely misses you.
You hear a splash.
You block the merfolk impaler's attack.
The merfolk hits you but does no damage.
The merfolk barely misses you.
The merfolk impaler hits you with a +0 demon trident!
* * * LOW HITPOINT WARNING * * *
You feel more protected from physical attacks. 😱 HP[-17] MP[-8]
You take 17 damage, and now have 1/144 hp.
You lost 8 mp, and now have 0/24 mp.
Unknown command.
Unknown command.
You feel much better.
* * * LOW HITPOINT WARNING * * *
You feel extremely sick. You block the merfolk's attack.
You block the merfolk impaler's attack. The merfolk misses you.
The merfolk hits you but does no damage. 😱 HP[+25] MP[+1]
You regained 25 hp, and now have 26/144 hp.
Unknown command.
You closely miss the merfolk. You slash the merfolk impaler!
* * * LOW HITPOINT WARNING * * *
You feel very sick.
The merfolk impaler is engulfed in freezing vapours.
You kill the merfolk impaler!
Qazlal accepts your kill.
You hear a splash. x2
You block the merfolk's attack.
The merfolk hits you from afar with a +0 trident of venom!
* * * LOW HITPOINT WARNING * * *
You block the merfolk's attack.
Your Shields skill increases to level 13! 😱 HP[-12] MP[-1]
You take 12 damage, and now have 14/144 hp.
You lost 1 mp, and now have 0/24 mp.
Unknown command.
You closely miss the merfolk.
* * * LOW HITPOINT WARNING * * *
You feel very sick.
You block the merfolk's attack. 😱 HP[-3]
You take 3 damage, and now have 11/144 hp.
Unknown command.
You slice the merfolk!!
You kill the merfolk!
Qazlal accepts your kill.
You hear a splash.
* * * LOW HITPOINT WARNING * * *
You feel very sick. You block the merfolk's attack.
The merfolk is engulfed in a thunderstorm.
The merfolk hits you but does no damage.
You are more poisoned. 😱 HP[-4]
You take 4 damage, and now have 7/144 hp.
You don't have enough magic at the moment.
You feel much better.
You feel very sick. You block the merfolk's attack.
The merfolk hits you from afar with a +0 trident of venom.
* * * LOW HITPOINT WARNING * * *
You feel more protected from physical attacks.
You are lethally poisoned! 😱 HP[+12]
You regained 12 hp, and now have 19/144 hp.
* * * LOW HITPOINT WARNING * * *
You feel extremely sick. You block the merfolk's attack. x2
The merfolk hits you but does no damage.
You are more poisoned.
You block the merfolk's attack.
You see here a sea snake corpse. 😱 HP[-10] MP[+1]
You take 10 damage, and now have 9/144 hp.
You slice the merfolk!! You hit the merfolk.
* * * LOW HITPOINT WARNING * * *
You feel very sick.
You block the merfolk's attack. x2 😱 HP[-6]
You take 6 damage, and now have 3/144 hp.
Unknown command.
Your unstable footing causes you to fumble your attack.
You die...

Skill      XL: |  1  2  3  4  5  6  7  8  9 10 11 12 13 14 15 16 |
---------------+-------------------------------------------------+-----
Axes           | 3 4 5 6 8 9 12 14 16 17 18 | 18.0
Fighting       | 7 13 | 13.5
Invocations    | 8 11 14 15 | 15.0
Armour         | 7 10 12 15 | 15.0
Dodging        | 6 8 |  8.0
Shields        | 11 13 | 13.1

Action                     |  1- 3 |  4- 6 |  7- 9 | 10-12 | 13-15 | 16-18 || total
---------------------------+-------+-------+-------+-------+-------+-------++-------
  Melee: War axe           |    84 |   105 |   363 |   633 |       |       ||  1185
         Broad axe         |       |       |       |   175 |  1043 |    57 ||  1275
 Invoke: Upheaval          |       |       |       |     1 |     6 |     1 ||     8
         Elemental Force   |       |       |       |       |       |     1 ||     1
  Evoke: Wand              |       |       |       |     1 |       |       ||     1
    Use: Scroll            |     6 |     6 |     8 |     9 |     3 |       ||    32
         Potion            |     2 |       |     3 |       |       |     2 ||     7
 Armour: Scale mail        |    31 |    35 |   167 |    46 |       |       ||   279
         Chain mail        |       |       |       |   331 |   575 |    55 ||   961
  Dodge: Dodged            |    47 |    36 |   144 |   227 |   487 |    31 ||   972
         Repelled          |       |       |       |     1 |     9 |     3 ||    13
  Block: Buckler           |    19 |    17 |    89 |   271 |   378 |       ||   774
         Tower shield      |       |       |       |       |   434 |   113 ||   547

Levels and vault maps discovered:
D:1:      dpeg_arrival_rooms_c, layout_basic
D:2:      layout_basic, uniq_natasha, uniq_terence, uniq_sigmund
D:3:      layout_basic, chequers_ecumenical_altar_simple_redux,
          minmay_misc_feat_four_crosses
D:4:      layout_basic, uniq_pikel, uniq_robin
D:5:      layout_rooms, mainiacjoe_overflow_chevrons
D:6:      layout_rooms, nicolae_hepliaklqana_hippocampus, temple_statues,
          minmay_bent
D:7:      layout_gridville, lemuel_doored_altar, lemuel_tele_altar,
          tso_metal_star, serial_shops, shop, minmay_manual_macuahuitl
D:8:      layout_basic, nicolae_qazlal_eye_of_the_storm,
          grunt_temple_overflow_diamond, enter_bailey_2,
          nicolae_ossuary_entry_monument, lemuel_flamethrower_2
D:9:      kennysheep_ambush_hall, layout_basic, hellmonk_lair_entry_icy,
          uniq_erolcha
D:10:     layout_basic, zombieorc2_lemuel, grunt_tough_drop
D:11:     layout_layer_cave, serial_shops, shop_statue,
          nicolae_shop_tiny_statue_garden, nicolae_shop_peninsula, shop,
          uniq_sonja
D:12:     layout_long_grid, hellmonk_ghost_happy_afterlife,
          okawaru_ov_weapons_minmay
D:13:     layout_rooms, serial_aquarium, aquarium_bridge_square
          [aquarium_subvault_bridge, aquarium_subvault_window,
          aquarium_subvault_bridge, aquarium_subvault_window],
          aquarium_window_fake, aquarium_window_fake, aquarium_window_double,
          aquarium_window_1, aquarium_view_2a, aquarium_view_2d,
          aquarium_pool_double, chequers_jeans
D:14:     nzn_winding_woodlands_medium [nzn_winding_woodlands_5x5_cross,
          nzn_winding_woodlands_5x15_jagged,
          nzn_winding_woodlands_5x5_open_star, nzn_winding_woodlands_hourglass,
          nzn_winding_woodlands_center_lodge, nzn_winding_woodlands_5x5_default,
          nzn_winding_woodlands_5x5_default,
          nzn_winding_woodlands_5x15_sawtooth,
          nzn_winding_woodlands_5x5_default], layout_irregular_city,
          erik_vaults_1, fountainhead
D:15:     grunt_enter_depths_giant_problem, layout_basic,
          ebering_dispersal_statue_hall, drop_trap
Temple:   dshaligram_water_room_temple
Lair:1:   layout_loops_ring, lemuel_fruit_tree, grunt_megastairs_2, uniq_grum
Lair:2:   layout_cave_pods, minmay_shoals_entry_beasts,
          spider_nest_entry_funnel_web, grunt_forest_large_clearing_hut,
          uniq_gastronok
Lair:3:   beast_lair_carwin_large_3, layout_regular_city, grunt_megastairs_5,
          uniq_amaemon, uniq_fannar
Lair:4:   layout_regular_city
Lair:5:   cheibrodos_lair_end_hotspot, layout_long_grid, slime_entry_2,
          gauntlet_entry_generic, pdpol_lair_neglected_garden
Shoals:1: layout_shoals, gammafunk_ghost_cemetery
Orc:1:    layout_caves, nicolae_shop_overcharged_wands
Orc:2:    st_orc_town, layout_diamond_mine

Notes
Turn   | Place    | Note
-------+----------+-------------------------------------------
     0 | D:1      | kae the Hill Orc Fighter began the quest for the Orb.
     0 | D:1      | Reached XP level 1. HP: 19/19 MP: 1/1
     0 | D:1      | magus.rc [v1.11.3]
    21 | D:1      | Reached skill level 3 in Axes
   161 | D:1      | You pick up a book of Ice and begin reading...
   161 | D:1      | You add the spells Simulacrum, Ozocubu's Refrigeration and
                  | Polar Vortex to your library.
   258 | D:1      | Reached XP level 2. HP: 26/26 MP: 2/2
   328 | D:1      | Reached skill level 4 in Axes
   357 | D:1      | You pick up a book of the Tundra and begin reading...
   357 | D:1      | You add the spells Hailstorm and Ice Form to your library.
   564 | D:2      | Noticed Natasha
   612 | D:2      | Reached XP level 3. HP: 29/31 MP: 3/3
   617 | D:2      | Identified a scroll of acquirement
   617 | D:2      | Acquired 881 gold pieces
   678 | D:2      | Reached skill level 5 in Axes
   826 | D:2      | Noticed Terence
   843 | D:2      | HP: 6/31 [Terence/+4 short sword (6)]
  1081 | D:2      | Noticed Sigmund
  1156 | D:3      | Reached XP level 4. HP: 34/39 MP: 4/4
  1191 | D:3      | You add the spells Sting, Poisonous Vapours and Olgreb's
                  | Toxic Radiance to your library.
  1364 | D:3      | HP: 2/39 [orc priest/+1 whip of electrocution (18)]
  1367 | D:3      | Reached skill level 6 in Axes
  1550 | D:3      | Found a faded altar of an unknown god.
  1890 | D:2      | Killed Natasha
  1891 | D:2      | Reached XP level 5. HP: 42/44 MP: 5/5
  1970 | D:2      | Noticed Natasha
  1977 | D:2      | Killed Natasha
  1978 | D:2      | Reached skill level 7 in Axes
  2102 | D:2      | Killed Sigmund
  2103 | D:2      | Reached skill level 8 in Axes
  2103 | D:2      | Reached XP level 6. HP: 36/51 MP: 6/6
  2665 | D:4      | Reached skill level 9 in Axes
  2850 | D:4      | Noticed Robin
  2884 | D:4      | Reached XP level 7. HP: 15/57 MP: 7/7
  2886 | D:4      | HP: 11/57 [Robin/+0 spear (4)]
  2892 | D:4      | Killed Robin
  2893 | D:4      | Reached skill level 10 in Axes
  3926 | D:4      | You pick up a book of Callings and begin reading...
  3926 | D:4      | You add the spells Summon Small Mammal, Call Canine
                  | Familiar and Summon Guardian Golem to your library.
  3938 | D:4      | Noticed Pikel
  3958 | D:4      | Killed Pikel
  3959 | D:4      | Reached skill level 12 in Axes
  3959 | D:4      | Reached XP level 8. HP: 43/64 MP: 8/8
  4740 | D:2      | Noticed Natasha
  4748 | D:2      | Killed Natasha
  4785 | D:2      | Killed Terence
  5078 | D:5      | Entered Level 5 of the Dungeon
  5094 | D:5      | Reached skill level 13 in Axes
  5229 | D:5      | Found an ancient bone altar of Kikubaaqudgha.
  5500 | D:5      | You pick up a book of Necromancy and begin reading...
  5500 | D:5      | You add the spells Necrotise, Vampiric Draining and Agony
                  | to your library.
  5712 | D:6      | Reached skill level 14 in Axes
  5871 | D:6      | Reached XP level 9. HP: 70/70 MP: 9/9
  5938 | D:6      | Reached skill level 15 in Axes
  6212 | D:6      | Found a staircase to the Ecumenical Temple.
  6280 | D:6      | Identified the +3 leather armour of the Catamount {rC++
                  | Str+3}
  6365 | D:6      | Found a hazy altar of Hepliaklqana.
  6477 | Temple   | Entered the Ecumenical Temple
  6664 | D:7      | Noticed a troll
  6675 | D:7      | Reached skill level 16 in Axes
  6686 | D:7      | Reached skill level 4 in Fighting
  6690 | D:7      | Killed a troll
  6691 | D:7      | Reached skill level 5 in Fighting
  6866 | D:7      | Reached skill level 6 in Fighting
  6881 | D:7      | Found a glowing golden altar of the Shining One.
  7000 | D:7      | Reached skill level 7 in Fighting
  7038 | D:7      | Found an iron altar of Okawaru.
  7207 | D:7      | Found an ornate altar of the Wu Jian Council.
  7433 | D:7      | Found Ifezak's Book Emporium.
  7668 | D:8      | Found a flagged portal.
  7684 | Bailey   | Entered a bailey
  7741 | Bailey   | Reached XP level 10. HP: 82/88 MP: 10/10
  7766 | Bailey   | Reached skill level 8 in Fighting
  7824 | Bailey   | Reached skill level 9 in Fighting
  7976 | D:8      | Reached skill level 10 in Fighting
  7980 | D:8      | Found a stormy altar of Qazlal.
  7988 | D:8      | Became a worshipper of Qazlal Stormbringer
  8024 | D:8      | Found a sand-covered staircase.
  8033 | Ossuary  | Entered an ossuary
  8572 | D:8      | Reached skill level 11 in Fighting
  8576 | D:8      | You add the spells Ignite Poison, Sticky Flame and Ignition
                  | to your library.
  8581 | D:8      | You pick up a book of Touch and begin reading...
  8581 | D:8      | You add the spells Kiss of Death, Confusing Touch and
                  | Dispel Undead to your library.
  9160 | D:8      | Found a snail-covered altar of Cheibriados.
  9163 | D:8      | Found a shimmering altar of Xom.
  9167 | D:8      | Found a sacrificial altar of Ru.
  9340 | D:9      | Reached skill level 12 in Fighting
  9362 | D:9      | Noticed a two-headed ogre
  9474 | D:9      | Noticed an unseen horror
  9485 | D:9      | Killed a two-headed ogre
  9486 | D:9      | Killed an unseen horror
  9487 | D:9      | Reached skill level 13 in Fighting
  9487 | D:9      | Reached XP level 11. HP: 54/107 MP: 5/11
  9591 | D:9      | Found a staircase to the Lair.
  9775 | D:9      | Reached * piety under Qazlal
  9909 | D:9      | Reached skill level 1 in Invocations
 10052 | D:9      | Reached skill level 2 in Invocations
 10225 | D:9      | Noticed Erolcha
 10228 | D:9      | Noticed a two-headed ogre
 10232 | D:9      | Reached skill level 4 in Armour
 10236 | D:9      | Paralysed by a hornet for 2 turns
 10237 | D:9      | HP: 23/107 [wight/+4 falchion (6)]
 10240 | D:9      | HP: 11/107 [poisoned by a hornet]
 10620 | D:9      | Reached skill level 3 in Invocations
 10848 | D:9      | Killed Erolcha
 10849 | D:9      | Reached skill level 5 in Armour
 10849 | D:9      | Reached skill level 4 in Invocations
 10966 | D:9      | Killed a two-headed ogre
 10967 | D:9      | Reached skill level 5 in Invocations
 11066 | D:9      | Paralysed by a hornet for 3 turns
 11438 | D:10     | Entered Level 10 of the Dungeon
 11513 | D:10     | Reached ** piety under Qazlal
 11523 | D:10     | Reached skill level 6 in Armour
 11575 | D:10     | Noticed a green ugly thing
 11626 | D:10     | Killed a green ugly thing
 11627 | D:10     | Reached skill level 6 in Invocations
 11795 | D:10     | Noticed a boulder beetle
 11813 | D:10     | Killed a boulder beetle
 11917 | D:10     | Reached skill level 7 in Invocations
 11946 | D:10     | Reached skill level 7 in Armour
 11999 | D:10     | Reached *** piety under Qazlal
 12485 | D:10     | Found a staircase to the Orcish Mines.
 12744 | D:11     | Found Kihif's Assorted Antiques.
 12754 | D:11     | Bought a scroll of identify for 58 gold pieces
 12773 | D:11     | Reached skill level 8 in Invocations
 12909 | D:11     | Noticed a cyclops
 12919 | D:11     | Killed a cyclops
 12920 | D:11     | Reached XP level 12. HP: 113/115 MP: 16/18
 12930 | D:11     | Reached skill level 8 in Armour
 12979 | D:11     | Found Xurhed's Weapon Boutique.
 13190 | D:11     | Noticed Sonja
 13194 | D:11     | Killed Sonja
 13195 | D:11     | Reached skill level 9 in Invocations
 13357 | D:11     | Found Sawaf's Book Shop.
 13369 | D:11     | HP: 27/115 [poisoned by a meliai]
 13374 | D:11     | HP: 23/115 [poisoned by a meliai]
 13900 | D:11     | Found Gajadoul's Antique Weapon Shoppe.
 13908 | D:11     | Bought a glowing broad axe for 238 gold pieces
 14374 | Lair:1   | Entered Level 1 of the Lair of Beasts
 14459 | Lair:1   | Reached skill level 9 in Armour
 14685 | Lair:1   | Reached skill level 10 in Invocations
 14771 | Lair:1   | Noticed Grum
 14776 | Lair:1   | Killed Grum
 14856 | Lair:1   | Identified the ring of Liutun {SInv Stlth+}
 14865 | Lair:1   | Reached **** piety under Qazlal
 15397 | Lair:2   | Noticed Gastronok
 15410 | Lair:2   | Killed Gastronok
 15411 | Lair:2   | Reached skill level 17 in Axes
 15567 | Lair:2   | Found a hole to the Spider Nest.
 15732 | Lair:2   | Noticed an eight-headed hydra
 15739 | Lair:2   | Killed an 11-headed hydra
 15750 | Lair:2   | Reached skill level 11 in Invocations
 15965 | Lair:2   | Found a staircase to the Shoals.
 15974 | Lair:2   | Reached skill level 10 in Armour
 16136 | Lair:2   | Reached XP level 13. HP: 122/122 MP: 21/21
 16167 | Lair:2   | Reached skill level 18 in Axes
 16646 | Lair:3   | Reached skill level 12 in Invocations
 16928 | Lair:3   | Reached skill level 11 in Armour
 16999 | Lair:3   | HP: 28/122 [18-headed hydra (6)]
 17283 | Lair:3   | Noticed Fannar
 17317 | Lair:3   | Killed Fannar
 17484 | Lair:3   | Identified the +0 ring mail "Kuisituo" {rN+}
 17673 | Lair:3   | Noticed Amaemon
 17690 | Lair:3   | Killed Amaemon
 17699 | Lair:3   | Reached skill level 13 in Invocations
 18363 | Lair:4   | Identified the +11 sling "Leviticus" {freeze, Int+5 Stlth+}
 18442 | Lair:4   | Reached skill level 12 in Armour
 18668 | Lair:4   | Identified the +1 war axe "Sigh" {drain, Int+4}
 18691 | Lair:4   | Reached skill level 14 in Invocations
 18769 | Lair:4   | Reached ***** piety under Qazlal
 19453 | Lair:5   | Entered Level 5 of the Lair of Beasts
 19453 | Lair:5   | Found a gate leading to a gauntlet.
 19535 | Gauntlet | Entered a Gauntlet
 19535 | Gauntlet | Found a transporter.
 19541 | Gauntlet | Noticed a blizzard demon
 19544 | Gauntlet | Found a transporter.
 19555 | Gauntlet | Found a transporter.
 19556 | Gauntlet | Found a transporter.
 19563 | Gauntlet | Found a transporter.
 19563 | Gauntlet | Found a transporter.
 19565 | Gauntlet | Found a transporter.
 19566 | Gauntlet | Noticed a reaper
 19566 | Gauntlet | Noticed a blizzard demon
 19571 | Gauntlet | Found a transporter.
 19588 | Gauntlet | Found a transporter.
 19605 | Gauntlet | Found a transporter.
 19609 | Gauntlet | Found a transporter.
 19617 | Gauntlet | Found a transporter.
 19618 | Gauntlet | Noticed a cacodemon
 19739 | Gauntlet | Gained mutation: Your body sometimes deteriorates upon
                  | taking damage. [a neqoxec]
 19742 | Gauntlet | Gained mutation: Your magical capacity is low. (-10% MP) [a
                  | neqoxec]
 19746 | Gauntlet | Gained mutation: You are occasionally teleported next to
                  | monsters. [a neqoxec]
 19752 | Gauntlet | Reached XP level 14. HP: 71/129 MP: 11/22
 19758 | Gauntlet | Killed a cacodemon
 19759 | Gauntlet | Reached skill level 1 in Dodging
 19891 | Gauntlet | You pick up a book of Ice and begin reading...
 19916 | Gauntlet | Reached skill level 13 in Armour
 19931 | Gauntlet | Identified the +2 pair of gloves of the Slorg {rC+}
 19959 | Gauntlet | Identified the +7 shortbow "Aproit" {speed, rC+++ Int+4
                  | Dex+6}
 19968 | Gauntlet | Identified the staff of fire "Goiqekke" {rF+ Int+4}
 19968 | Gauntlet | Identified the ring "Tezxi Fuodgh" {rElec AC+4 Int+5}
 19969 | Gauntlet | You pick up a book of Debilitation and begin reading...
 20056 | Gauntlet | Identified the +1 robe of the Desert {rC+}
 20169 | Lair:5   | Reached skill level 2 in Dodging
 20177 | Lair:5   | Reached skill level 15 in Invocations
 20228 | Lair:5   | Reached skill level 3 in Dodging
 20379 | Lair:5   | Found a runed translucent door.
 20381 | Lair:5   | Found a viscous altar of Jiyva.
 20383 | Lair:5   | Found a staircase to the Slime Pits.
 20630 | Lair:5   | Reached skill level 4 in Dodging
 20637 | Lair:5   | Found a large runed translucent door.
 20666 | Lair:5   | Reached skill level 14 in Armour
 21026 | Lair:5   | Found a large runed translucent door.
 21712 | Lair:5   | Reached skill level 5 in Dodging
 21980 | D:12     | Found a runed translucent door.
 21983 | D:12     | Noticed UltrafastDeath's ghost (journeyman MiMo)
 22327 | D:12     | Found an iron altar of Okawaru.
 22536 | D:12     | Killed UltrafastDeath's ghost
 22633 | D:13     | Reached skill level 6 in Dodging
 22903 | D:13     | Reached skill level 15 in Armour
 23323 | D:14     | Reached XP level 15. HP: 113/136 MP: 21/23
 23331 | D:14     | Reached skill level 4 in Shields
 23364 | D:14     | Reached skill level 5 in Shields
 23364 | D:14     | HP: 30/136 [centaur warrior/arrow (13)]
 23658 | D:14     | Found a gate to the Vaults.
 23684 | D:14     | Reached skill level 6 in Shields
 23688 | D:14     | Identified the amulet "Usaadd" {Spirit Harm Int+2}
 23813 | D:14     | Identified the +5 scale mail "Doududd" {SInv}
 24020 | D:14     | You pick up a book of the Tundra and begin reading...
 24081 | D:14     | Reached skill level 7 in Dodging
 24167 | D:14     | Reached skill level 7 in Shields
 24335 | D:14     | Reached ****** piety under Qazlal
 24428 | D:14     | Reached skill level 8 in Shields
 24929 | Orc:1    | Entered Level 1 of the Orcish Mines
 24966 | Orc:1    | Found Wuty's Overcharged Wands.
 25262 | Orc:2    | Entered Level 2 of the Orcish Mines
 25655 | Orc:2    | Found Iffouk Iste's Assorted Antiques.
 25655 | Orc:2    | Found Ahei's Magic Scroll Emporium.
 25659 | Orc:2    | Reached skill level 9 in Shields
 25686 | Orc:2    | Found a roughly hewn altar of Beogh.
 25867 | Orc:2    | Found Tuneng's Antique Weapon Shop.
 25867 | Orc:2    | Found Opau's Antique Armour Emporium.
 25918 | Orc:2    | Bought the +3 crown of Dyrovepreva {rElec Int+2 SInv} for
                  | 1283 gold pieces
 25918 | Orc:2    | Found the +3 crown of Dyrovepreva {rElec Int+2 SInv}
 25960 | Orc:2    | Found a staircase to the Elven Halls.
 26623 | D:15     | Entered Level 15 of the Dungeon
 26645 | D:15     | Reached skill level 8 in Dodging
 26693 | D:15     | Reached skill level 10 in Shields
 26936 | D:15     | Found a staircase to the Depths.
 26951 | D:15     | Reached skill level 11 in Shields
 27658 | Shoals:1 | Entered Level 1 of the Shoals
 27666 | Shoals:1 | Reached XP level 16. HP: 126/144 MP: 20/24
 27687 | Shoals:1 | HP: 34/144 [merfolk impaler/+0 trident (7)]
 27688 | Shoals:1 | Reached skill level 12 in Shields
 27692 | Shoals:1 | Noticed a kraken
 27712 | Shoals:1 | HP: 30/144 [water nymph/the raging water (8)]
 27882 | Shoals:1 | HP: 29/144 [merfolk impaler/+0 demon trident (9)]
 27884 | Shoals:1 | HP: 9/144 [poisoned by a merfolk]
 27884 | Shoals:1 | HP: 1/144 [merfolk impaler/+0 demon trident (8)]
 27887 | Shoals:1 | Reached skill level 13 in Shields
 27889 | Shoals:1 | HP: 23/144 [poisoned by a merfolk]
 27890 | Shoals:1 | HP: 9/144 [poisoned by a merfolk]
 27891 | Shoals:1 | HP: 3/144 [poisoned by a merfolk]
 27892 | Shoals:1 | Succumbed to a merfolk's poison

Vanquished Creatures
  Gastronok (Lair:2)
  A cacodemon (Gauntlet)
  A stone giant (D:15)
  The ghost of UltrafastDeath the Severer, a journeyman MiMo of Okawaru (D:12)
  A minotaur (Gauntlet)
  2 merfolk impalers (Shoals:1)
  A fire dragon (Lair:5)
  10 hydras
  Erolcha (D:9)
  Fannar (Lair:3)
  A merfolk avatar (Shoals:1)
  An ogre mage (D:15)
  A catoblepas (D:14)
  7 centaur warriors
  5 boulder beetles
  2 dancing weapons (D:14)
  7 two-headed ogres
  2 tengu warriors (D:14)
  Sonja (D:11)
  Amaemon (Lair:3)
  A skyshark (Shoals:1)
  A wretched star (Gauntlet)
  3 skeletal warriors (D:12)
  A death drake (shapeshifter) (D:14)
  3 sea snakes (Shoals:1)
  A lindwurm (Lair:5)
  Pikel (D:4)
  3 harpies (Shoals:1)
  8 orc knights (Orc:2)
  2 deep elf pyromancers
  An orc sorcerer (Orc:2)
  5 ugly things
  7 manticores
  5 cyclopes
  2 merfolk sirens (Shoals:1)
  10 elephants (Lair:5)
  6 black mambas
  An orange demon (Lair:3)
  3 molten gargoyles (Lair:5)
  A rime drake (shapeshifter) (D:15)
  10 cane toads
  3 unseen horrors
  A minotaur zombie (Gauntlet)
  2 kobold demonologists
  13 komodo dragons
  2 rime drakes
  A freezing wraith (D:14)
  2 tengu conjurers (D:14)
  A polar bear (shapeshifter) (D:14)
  4 trolls
  4 wind drakes
  3 meliai (D:11)
  A wolf spider simulacrum (D:14)
  3 polar bears
  2 hornets
  14 blink frogs
  6 merfolk (Shoals:1)
  4 dream sheep (Lair:5)
  7 slime creatures (D:14)
  2 centaur simulacra (D:14)
  7 wraiths
  2 culicivoras (Lair:2)
  Sigmund (D:2)
  4 shadows
  19 yaks
  A spriggan (Lair:2)
  7 wyverns
  7 basilisks
  2 redbacks (Lair:2)
  3 steam dragons (Lair:5)
  Grum (Lair:1)
  7 vampire mosquitoes
  3 neqoxecs (Gauntlet)
  3 acid dragons
  8 wargs
  14 water moccasins
  4 hell hounds (Lair:5)
  41 orc warriors
  4 ice beasts
  2 sky beasts
  A black bear (D:5)
  5 boggarts (D:14)
  3 centaurs
  15 wolves
  7 ogres
  4 phantoms
  A lemure (D:4)
  2 kobold brigands (D:9)
  3 gnoll sergeants
  16 bullfrogs
  3 scorpions
  11 wights
  18 killer bees
  3 troll zombies (D:10)
  14 howler monkeys
  5 lava snakes (Lair:5)
  A centaur zombie (Ossuary)
  6 hounds
  7 jellies
  16 orc priests
  8 iguanas
  Terence (D:2)
  10 orc wizards
  A sleepcap (D:6)
  Natasha (thrice) (D:2)
  5 ogre zombies (D:10)
  Robin (D:4)
  12 adders
  18 gnolls
  A shadow imp (D:6)
  3 white imps
  2 adder zombies (Ossuary)
  5 dart slugs
  75 orcs
  2 endoplasms (D:4)
  4 giant cockroaches
  16 goblins
  10 hobgoblins
  3 jackals (D:3)
  23 kobolds
  3 quokkas
  6 ball pythons
  A ball python skeleton (Ossuary)
  8 bats
  A goblin skeleton (D:10)
  4 goblin zombies (D:10)
  8 hobgoblin zombies
  5 orc skeletons
  12 orc zombies (D:10)
  2 rats
732 creatures vanquished.

Vanquished Creatures (collateral kills)
  A manticore (Shoals:1)
  A water nymph (Shoals:1)
  A merfolk siren (Shoals:1)
  A snapping turtle (Shoals:1)
  2 water elementals (Shoals:1)
6 creatures vanquished.

Vanquished Creatures (others)
  A harpy (Shoals:1)
  16 fungi
  15 plants
  4 tentacles (Shoals:1)
36 creatures vanquished.

Grand Total: 774 creatures vanquished

Table legend:
 A = Non-vault XP
 B = Vault XP
 C = Vault XP percentage of total XP
 D = Non-vault monster count
 E = Vault monster count
 F = Vault count percentage of total count
                 A         B        C        D         E       F
            +---------+---------+-------+---------+---------+-------
      Total |   86861 |   55721 |  39.1 |     457 |     281 |  38.1
            +---------+---------+-------+---------+---------+-------
        D:1 |      29 |       0 |   0.0 |      15 |       0 |   0.0
        D:2 |     121 |     285 |  70.2 |      18 |       3 |  14.3
        D:3 |      75 |       0 |   0.0 |      15 |       0 |   0.0
        D:4 |     541 |     645 |  54.4 |      27 |      14 |  34.1
        D:5 |     461 |       0 |   0.0 |      17 |       0 |   0.0
        D:6 |     710 |     412 |  36.7 |      15 |      10 |  40.0
        D:7 |     750 |     487 |  39.4 |      18 |       5 |  21.7
        D:8 |     847 |       0 |   0.0 |      15 |       0 |   0.0
        D:9 |    2814 |    3540 |  55.7 |      36 |      13 |  26.5
       D:10 |    1063 |    2718 |  71.9 |      16 |      42 |  72.4
       D:11 |    2853 |     788 |  21.6 |      15 |       1 |   6.2
       D:12 |    4630 |    1056 |  18.6 |       9 |       1 |  10.0
       D:13 |    4535 |       0 |   0.0 |      13 |       0 |   0.0
       D:14 |   10773 |   10512 |  49.4 |      26 |      19 |  42.2
       D:15 |    8704 |    1097 |  11.2 |      14 |       1 |   6.7
     Lair:1 |    3620 |     979 |  21.3 |      18 |       7 |  28.0
     Lair:2 |    4793 |    4597 |  49.0 |      19 |      10 |  34.5
     Lair:3 |    3587 |    4372 |  54.9 |      12 |      17 |  58.6
     Lair:4 |   10231 |       0 |   0.0 |      37 |       0 |   0.0
     Lair:5 |    8303 |    9869 |  54.3 |      21 |      35 |  62.5
   Shoals:1 |   14621 |       0 |   0.0 |      31 |       0 |   0.0
      Orc:1 |     699 |       0 |   0.0 |      12 |       0 |   0.0
      Orc:2 |    2101 |    8688 |  80.5 |      38 |      56 |  59.6
    Ossuary |       0 |     710 | 100.0 |       0 |      14 | 100.0
     Bailey |       0 |    1149 | 100.0 |       0 |      26 | 100.0
   Gauntlet |       0 |    3817 | 100.0 |       0 |       7 | 100.0
            +---------+---------+-------+---------+---------+-------

Illustrated notes

Table legend:
 A = Kills in this place as a percentage of kills in the entire game.
 B = Kills by you in this place as a percentage of kills by you in the entire game.
 C = Kills by friends in this place as a percentage of kills by friends in the entire game.
 D = Other kills in this place as a percentage of other kills in the entire game.
 E = Experience gained in this place as a percentage of experience gained in the entire game.
 F = Experience gained in this place divided by the number of levels of this place that you have seen.
                   A       B       C       D       E      F
               +-------+-------+-------+-------+-------+----------------------
         Total | 100.0 | 100.0 | 100.0 | 100.0 | 100.0 | 5280.8
       Dungeon |  51.2 |  51.7 |   0.0 |   0.0 |  42.4 | 4029.7
          Lair |  23.8 |  24.1 |   0.0 |   0.0 |  35.3 | 10070.2
        Shoals |   4.2 |   3.3 | 100.0 | 100.0 |  10.3 | 14621.0
  Orcish Mines |  14.4 |  14.5 |   0.0 |   0.0 |   8.1 | 5744.0
       Ossuary |   1.9 |   1.9 |   0.0 |   0.0 |   0.5 | 710.0
        Bailey |   3.5 |   3.6 |   0.0 |   0.0 |   0.8 | 1149.0
      Gauntlet |   0.9 |   1.0 |   0.0 |   0.0 |   2.7 | 3817.0
               +-------+-------+-------+-------+-------+----------------------

Table legend: (Time is in decaauts)
 A = Elapsed time spent in this place.
 B = Non-inter-level travel time spent in this place.
 C = Inter-level travel time spent in this place.
 D = Time resting spent in this place.
 E = Time spent auto-exploring this place.
 F = Levels seen in this place.
 G = Mean time per level.
                   A        B        C        D        E       F      G
               +--------+--------+--------+--------+--------+-----+--------+
         Total |  27567 |  25900 |   1667 |   1399 |  20026 |  27 | 1021.0 |
       Dungeon |  17496 |  16271 |   1225 |   1061 |  12592 |  15 | 1166.4 |
        Temple |    137 |    114 |     23 |      0 |    104 |   1 |  137.0 |
          Lair |   6805 |   6469 |    336 |    249 |   5285 |   5 | 1361.0 |
        Shoals |    238 |    238 |      0 |     61 |     63 |   1 |  238.0 |
  Orcish Mines |   1575 |   1494 |     81 |      0 |   1192 |   2 |  787.5 |
       Ossuary |    515 |    515 |      0 |      0 |    378 |   1 |  515.0 |
        Bailey |    243 |    243 |      0 |      8 |     16 |   1 |  243.0 |
      Gauntlet |    553 |    553 |      0 |     19 |    395 |   1 |  553.0 |
               +--------+--------+--------+--------+--------+-----+--------+

Top non-repeatable levels by time:
     D:9: 2114 daAuts
     D:2: 1878 daAuts
    D:11: 1766 daAuts
  Lair:5: 1695 daAuts
  Lair:2: 1658 daAuts
    D:14: 1647 daAuts
     D:4: 1544 daAuts
    D:10: 1407 daAuts
  Lair:4: 1315 daAuts
   Orc:2: 1150 daAuts
  Lair:3: 1113 daAuts
  Lair:1: 1022 daAuts
     D:3: 980 daAuts
     D:7: 967 daAuts
     D:8: 894 daAuts
